[Event "fics rated crazyhouse match"]
[Site "fics, Oklahoma City, OK USA"]
[Date "2000.02.17"]
[White "LSS"]
[WhiteElo "2527"]
[Black "spurs"]
[BlackElo "2252"]
[TimeControl "180+0"]
[Result "1-0"]

1. e4 e6 2. d4 d5 3. exd5 exd5 4. Bb5+ Bd7 5. Qe2+ Qe7 6. Bxd7+ 
Nxd7 7. Nc3 B@b4 8. Bd2 Bxc3 9. bxc3 N@c4 10. B@e3 Ngf6 11. B@h3 P@e6 
12. Bg5 Nxd2 13. Qxd2 Ne4 14. Bxe7 Nxd2 15. Bxf8 Q@f1+ 16. Kxd2 Qxf2+ 17. P@e2 
B@e3+ 18. Kd1 Rxf8 19. B@a3 B@e7 20. Bxe7 Kxe7 21. B@a3+ P@d6 22. N@g4 Qf4 
23. Nxe3 Qxe3 24. B@h4+ B@f6 25. Be1 Bxd4 26. cxd4 P@f2 27. Bxf2 Qxf2 28. P@d2 
Qxd4 29. B@c3 N@f2+ 30. Kc1 Nxh1 31. Bxd4 R@f1+ 32. N@d1 P@f2 33. Nf3 Rxd1+ 
34. Kxd1 f1=Q+ 35. R@e1 N@f2+ 36. Kc1 Qxe1+ 37. Nxe1 R@d1+ 38. Kb2 Rxa1 39. Kxa1 
R@d1+ 40. R@c1 Rxc1+ 41. Bxc1 R@d1 42. Kb1 Rxe1 43. Q@h4+ B@f6 44. Bxf6+ Nxf6 
45. B@g5 N@a3+ 46. Kb2 Nc4+ 47. Kc3 Rxc1 48. Bxf6+ gxf6 49. Qxf6+ Kd7 50. Q@b5+ 
c6 51. Qxb7+ B@c7 52. R@e7+ Kd8 53. Qxc7# 
{spurs checkmated} 1-0

[Event "fics rated crazyhouse match"]
[Site "fics, Oklahoma City, OK USA"]
[Date "2000.02.17"]
[White "spurs"]
[WhiteElo "2249"]
[Black "XXNoWay"]
[BlackElo "2231"]
[TimeControl "0+1"]
[Result "0-1"]

1. d4 e6 2. Nf3 d6 3. Bg5 Nf6 4. Bxf6 gxf6 5. e4 Rg8 6. Nc3 
B@g4 7. Be2 Bxf3 8. Bxf3 Nc6 9. d5 Ne5 10. dxe6 Nxf3+ 11. gxf3 N@g2+ 
12. Kd2 Bxe6 13. Kc1 B@h6+ 14. B@d2 P@e3 15. fxe3 Nxe3 16. Bxe3 Bxe3+ 17. P@d2 
Beh6 18. P@d5 B@b4 19. dxe6 fxe6 20. N@g4 Bxc3 21. Nxh6 Bxh6 22. bxc3 P@b2+ 
23. Kxb2 N@c4+ 24. Kb3 N@a5+ 25. Ka4 b5+ 26. Kb4 c5+ 27. Kxb5 Qb6+ 28. Ka4 
P@b5# 
{spurs checkmated} 0-1

[Event "fics rated crazyhouse match"]
[Site "fics, Oklahoma City, OK USA"]
[Date "2000.02.17"]
[White "XXNoWay"]
[WhiteElo "2239"]
[Black "spurs"]
[BlackElo "2241"]
[TimeControl "0+1"]
[Result "0-1"]

1. e4 e6 2. Nc3 d5 3. Nf3 dxe4 4. Nxe4 Nc6 5. Ng3 Be7 6. Bb5 
Nf6 7. d3 Bd7 8. O-O Bd6 9. Bxc6 Bxc6 10. P@e4 Bxg3 11. fxg3 B@e7 
12. B@h4 Ng4 13. Bxe7 Qxe7 14. B@h4 f6 15. N@e5 P@f2+ 16. Rxf2 Nxf2 17. Kxf2 
fxe5 18. Bxe7 N@g4+ 19. Kg1 B@b6+ 20. Kh1 Nf2# 
{XXNoWay forfeits on time} 0-1

[Event "fics rated crazyhouse match"]
[Site "fics, Oklahoma City, OK USA"]
[Date "2000.02.17"]
[White "spurs"]
[WhiteElo "2249"]
[Black "XXNoWay"]
[BlackElo "2231"]
[TimeControl "0+1"]
[Result "1-0"]

1. d4 e6 2. Nf3 Nf6 3. Bg5 Be7 4. Bxf6 Bxf6 5. e4 O-O 6. Nc3 
d6 7. Bc4 d5 8. e5 dxc4 9. exf6 Qxf6 10. B@g5 Qg6 11. N@e7+ Kh8 
12. Nxg6+ fxg6 13. Ne5 B@h5 14. Qxh5 gxh5 15. B@h6 N@e8 16. Bxg7+ Nxg7 17. P@f7 
B@g6 18. Bf6 
{XXNoWay forfeits on time} 1-0

[Event "fics rated crazyhouse match"]
[Site "fics, Oklahoma City, OK USA"]
[Date "2000.02.17"]
[White "Ebenfelt"]
[WhiteElo "2319"]
[Black "spurs"]
[BlackElo "2257"]
[TimeControl "60+0"]
[Result "0-1"]

1. e4 e6 2. Nc3 d5 3. d4 dxe4 4. Nxe4 Nc6 5. Nf3 Be7 6. Bb5 
Nf6 7. Nxf6+ Bxf6 8. P@e5 Be7 9. N@h5 Rg8 10. Bd3 P@f5 11. Bf4 N@g6 
12. Be3 Bb4+ 13. c3 Be7 14. h4 Bd7 15. Ng5 Bxg5 16. Bxg5 Nce7 17. B@f6 
N@d5 18. Bxg7 Bc6 19. P@f6 Nc8 20. B7h6 Qd7 21. Ng7+ Kd8 22. Nh5 Ncb6 
23. Ng7 Kc8 24. h5 Nf8 25. Bh4 f4 26. c4 Nb4 27. a3 Bxg2 28. axb4 
Qxd4 29. Nxe6 fxe6 30. N@e7+ Kb8 31. Nxg8 N@f3+ 32. Qxf3 Bxf3 33. R@e8+ Q@d8 
34. Rxd8+ Qxd8 35. Q@d2 Bxh1 36. P@e7 R@g1+ 37. N@f1 P@g2 38. exd8=Q+ R@c8 39. Qxc8+ 
Nxc8 40. Qe2 gxf1=Q+ 41. Qxf1 Rxf1+ 42. Kd2 N@f3+ 43. Kc3 Q@d2+ 44. Kb3 P@a4+ 
45. Ka3 Qxd3# 
{Ebenfelt forfeits on time} 0-1

[Event "fics rated crazyhouse match"]
[Site "fics, Oklahoma City, OK USA"]
[Date "2000.02.17"]
[White "spurs"]
[WhiteElo "2266"]
[Black "Ebenfelt"]
[BlackElo "2310"]
[TimeControl "60+0"]
[Result "0-1"]

1. d4 e5 2. Nf3 exd4 3. Nxd4 Nf6 4. Nc3 Bc5 5. Bg5 Qe7 6. Nf5 
Qe5 7. Nxg7+ Kd8 8. Bxf6+ Qxf6 9. P@d4 Bxd4 10. Qxd4 Qxd4 11. P@e7+ Kxe7 
12. N@d5+ Kf8 13. B@e7+ Kxg7 14. Bf6+ Qxf6 15. Nxf6 P@d2+ 16. Kxd2 N@c4+ 17. Kd3 
Q@d2+ 18. Kxc4 d5+ 19. Nfxd5 b5+ 20. Kb3 B@c4+ 21. Ka3 P@b4+ 22. Nxb4 B@f6 
23. N@h5+ Kf8 24. P@g7+ Bxg7 25. Nxg7 a5 26. Q@e8+ Kxg7 27. P@f6+ Kxf6 28. B@e5+ 
Kg6 29. P@f5+ Bxf5 30. Nbd5 Qxc3+ 31. bxc3 b4+ 32. Kb2 P@a3+ 33. Kc1 P@b2+ 
34. Kd2 N@e4+ 35. Ke3 N@g4+ 36. Kf4 P@g5+ 37. Kf3 Nd2+ 38. Kg3 P@h4+ 39. Kh3 
Nxf2# 
{spurs checkmated} 0-1

[Event "fics rated crazyhouse match"]
[Site "fics, Oklahoma City, OK USA"]
[Date "2000.02.17"]
[White "Oddyseus"]
[WhiteElo "2191"]
[Black "XXNoWay"]
[BlackElo "2223"]
[TimeControl "60+0"]
[Result "1-0"]

1. e4 e6 2. Nc3 Nf6 3. d4 d5 4. e5 Ne4 5. Nxe4 dxe4 6. Nh3 
Nc6 7. Bb5 Be7 8. Bxc6+ bxc6 9. N@h5 Rg8 10. O-O B@g6 11. Ng3 N@f5 
12. Nxe4 Nxd4 13. P@f6 P@e2 14. fxe7 exd1=Q 15. exd8=Q+ Kxd8 16. Rxd1 P@e2 17. Rxd4+ 
Bd7 18. P@e7+ Kc8 19. B@a6# 
{XXNoWay resigns} 1-0

[Event "fics rated crazyhouse match"]
[Site "fics, Oklahoma City, OK USA"]
[Date "2000.02.17"]
[White "XXNoWay"]
[WhiteElo "2214"]
[Black "Oddyseus"]
[BlackElo "2200"]
[TimeControl "60+0"]
[Result "1-0"]

1. e4 e6 2. Nc3 d5 3. Nf3 dxe4 4. Nxe4 Be7 5. d4 Nf6 6. Bd3 
Nd5 7. O-O Nc6 8. c3 P@f5 9. Ng3 O-O 10. P@h6 f6 11. hxg7 Kxg7 
12. Nh5+ Kg8 13. P@e4 Nb6 14. exf5 exf5 15. Bh6 P@g6 16. Bxf8 Bxf8 17. P@g7 
Bxg7 18. Nxg7 Kxg7 19. Qe2 P@h6 20. B@c4 P@e4 21. R@g8+ Qxg8 22. Bxg8 Kxg8 
23. Bxe4 fxe4 24. Q@e8+ R@f8 25. P@f7+ Kg7 26. Qxf8+ Kxf8 27. Qxe4 B@e6 28. R@h8+ 
Kxf7 29. Rxh7+ B@g7 30. Nh4 B@d5 31. Qxg6+ Ke7 32. Rxg7+ Kd6 33. B@c5# 
{Oddyseus checkmated} 1-0

[Event "fics rated crazyhouse match"]
[Site "fics, Oklahoma City, OK USA"]
[Date "2000.02.17"]
[White "Oddyseus"]
[WhiteElo "2192"]
[Black "XXNoWay"]
[BlackElo "2222"]
[TimeControl "60+0"]
[Result "0-1"]

1. e4 d6 2. Nc3 Nf6 3. d4 Nc6 4. Nf3 Bd7 5. Be2 e5 6. d5 
Nd4 7. Be3 Nxf3+ 8. Bxf3 Be7 9. O-O O-O 10. N@f5 Bxf5 11. exf5 N@d4 
12. Bxd4 exd4 13. Ne4 Nxe4 14. Bxe4 N@g5 15. B@d3 N@c5 16. f3 Nxd3 17. cxd3 
B@e3+ 18. Kh1 B@h3 19. gxh3 Nxh3 20. B@g2 Nf4 21. Qe2 P@h3 22. Qc2 hxg2+ 
23. Qxg2 Nxg2 24. Kxg2 Bh4 25. P@g3 Qg5 26. N@g4 Qxg4 27. fxg4 N@g5 28. N@e1 
B@h3+ 29. Kh1 Bxf1 30. N@e7+ Kh8 31. N@h6 R@g1# 
{Oddyseus checkmated} 0-1

[Event "fics rated crazyhouse match"]
[Site "fics, Oklahoma City, OK USA"]
[Date "2000.02.17"]
[White "XXNoWay"]
[WhiteElo "2229"]
[Black "pminear"]
[BlackElo "2484"]
[TimeControl "60+0"]
[Result "0-1"]

1. e4 e5 2. Nc3 Nc6 3. Nf3 Nf6 4. Bc4 Bc5 5. d3 d6 6. O-O 
Bg4 7. h3 Bxf3 8. Qxf3 Nd4 9. Qd1 c6 10. Bg5 Qd7 11. Bxf6 gxf6 
12. N@g7+ Kd8 13. B@f5 B@e6 14. Bfxe6 fxe6 15. Nxe6+ Nxe6 16. Bxe6 Qxe6 17. B@f5 
Qe7 18. N@e6+ Ke8 19. P@d7+ Kf7 20. Nxc5 dxc5 21. Qh5+ B@g6 22. B@e6+ Kg7 
23. Bxg6 hxg6 24. Qxh8+ Rxh8 25. R@f7+ Qxf7 26. Bxf7 B@h2+ 27. Kh1 N@g3+ 28. fxg3 
R@g1# 
{XXNoWay resigns} 0-1

[Event "fics rated crazyhouse match"]
[Site "fics, Oklahoma City, OK USA"]
[Date "2000.02.17"]
[White "pminear"]
[WhiteElo "2487"]
[Black "XXNoWay"]
[BlackElo "2226"]
[TimeControl "60+0"]
[Result "1-0"]

1. e4 e6 2. Nc3 Nf6 3. e5 Nd5 4. Nxd5 exd5 5. d4 Nc6 6. Nf3 
d6 7. Bb5 Bg4 8. h3 Bxf3 9. Qxf3 Be7 10. Qxd5 dxe5 11. Bxc6+ bxc6 
12. Qxc6+ B@d7 13. Qf3 exd4 14. N@e5 P@f6 15. Nxd7 Qxd7 16. Qxa8+ N@d8 17. B@f3 
O-O 18. P@h6 Qe6+ 19. R@e2 P@e3 20. hxg7 Kxg7 21. N@h5+ Kg8 22. P@g7 Re8 
23. Qxd8 
{XXNoWay resigns} 1-0

[Event "fics rated crazyhouse match"]
[Site "fics, Oklahoma City, OK USA"]
[Date "2000.02.17"]
[White "XXNoWay"]
[WhiteElo "2223"]
[Black "pminear"]
[BlackElo "2490"]
[TimeControl "60+0"]
[Result "0-1"]

1. e4 e5 2. Nc3 Nc6 3. Nf3 Bc5 4. Bb5 Nf6 5. d3 d6 6. Bxc6+ 
bxc6 7. O-O Bg4 8. N@f5 Bxf5 9. exf5 B@g4 10. B@e4 Nxe4 11. Nxe4 Bxf5 
12. Nxc5 dxc5 13. B@b7 B@d7 14. Nxe5 N@d4 15. P@e3 P@e2 16. exd4 exf1=Q+ 17. Qxf1 
cxd4 18. Nxc6 Qf6 19. P@g5 Qxc6 20. Bxc6 Bxc6 21. P@f6 N@h3+ 22. Kh1 R@e6 
23. fxg7 Rg8 24. N@f6+ Kd8 25. Nxg8 P@e2 26. R@f8+ B@e8 27. Qe1 Bxg2+ 28. Kxg2 
N@f4+ 29. Bxf4 Nxf4+ 30. Kf3 B@c6+ 31. Kxf4 P@e5+ 32. Kg3 Rb8 33. P@e7+ Rxe7 
34. Nxe7 P@f4+ 35. Kh4 Kd7 36. Q@e6+ Bxe6 37. N@c5+ Kxe7 
{XXNoWay forfeits on time} 0-1

[Event "fics rated crazyhouse match"]
[Site "fics, Oklahoma City, OK USA"]
[Date "2000.02.17"]
[White "pminear"]
[WhiteElo "2493"]
[Black "XXNoWay"]
[BlackElo "2220"]
[TimeControl "60+0"]
[Result "0-1"]

1. e4 e5 2. Nc3 Nf6 3. Nf3 d6 4. Bc4 Be7 5. d4 exd4 6. Nxd4 
O-O 7. P@g5 Nxe4 8. Nxe4 d5 9. Bxd5 Qxd5 10. N@c3 Qe5 11. P@f6 gxf6 
12. gxf6 Bxf6 13. Nf3 Qe7 14. P@g5 Bxc3+ 15. bxc3 Qxe4+ 16. Be3 P@g7 17. Qd4 
Bf5 18. Qxe4 Bxe4 19. B@d4 Bxf3 20. gxf3 N@g2+ 21. Kd2 N@c4+ 22. Ke2 N@f4+ 
23. Kf1 P@e2+ 24. Kg1 Q@f1+ 25. Rxf1 exf1=Q+ 26. Kxf1 P@e2+ 27. Kg1 R@f1# 
{pminear checkmated} 0-1

[Event "fics rated crazyhouse match"]
[Site "fics, Oklahoma City, OK USA"]
[Date "2000.02.17"]
[White "XXNoWay"]
[WhiteElo "2233"]
[Black "pminear"]
[BlackElo "2480"]
[TimeControl "60+0"]
[Result "0-1"]

1. e4 e5 2. Nc3 Nc6 3. Nf3 Bc5 4. Bc4 Nf6 5. Ng5 O-O 6. d3 
d6 7. h3 Nd4 8. O-O h6 9. Nxf7 Rxf7 10. Bxf7+ Kxf7 11. P@g5 hxg5 
12. Bxg5 B@h7 13. P@f5 P@h6 14. Bxf6 Qxf6 15. Nd5 Qg5 16. R@e7+ Kg8 17. Qg4 
Qxg4 18. hxg4 N@f3+ 19. gxf3 Nxf3+ 20. Kg2 Nh4+ 21. Kh3 Q@g2+ 22. Kxh4 B@g5+ 
23. Kh5 Qh3# 
{XXNoWay resigns} 0-1

[Event "fics rated crazyhouse match"]
[Site "fics, Oklahoma City, OK USA"]
[Date "2000.02.17"]
[White "pminear"]
[WhiteElo "2483"]
[Black "XXNoWay"]
[BlackElo "2230"]
[TimeControl "60+0"]
[Result "1-0"]

1. e4 d6 2. Nc3 Nf6 3. d4 Bg4 4. Be2 Bxe2 5. Qxe2 Nc6 6. d5 
Ne5 7. Nf3 e6 8. Nxe5 dxe5 9. B@b5+ B@d7 10. Bxd7+ Qxd7 11. dxe6 fxe6 
12. Bg5 Bb4 13. Rd1 P@d4 14. Bxf6 gxf6 15. P@f5 B@a6 16. fxe6 Qxe6 17. N@g7+ 
Ke7 18. N@f5# 
{XXNoWay resigns} 1-0

[Event "fics rated crazyhouse match"]
[Site "fics, Oklahoma City, OK USA"]
[Date "2000.02.17"]
[White "XXNoWay"]
[WhiteElo "2227"]
[Black "pminear"]
[BlackElo "2486"]
[TimeControl "60+0"]
[Result "1-0"]

1. e4 e5 2. Nc3 Nc6 3. Bc4 Bc5 4. Qh5 Nh6 5. d3 Qf6 6. Nf3 
Nd4 7. Nxd4 Bxd4 8. O-O N@f4 9. Bxf4 exf4 10. N@d5 Bxc3 11. Nxf6+ Bxf6 
12. e5 B@g6 13. exf6 Bxh5 14. Q@e7# 
{pminear checkmated} 1-0

[Event "fics rated crazyhouse match"]
[Site "fics, Oklahoma City, OK USA"]
[Date "2000.02.17"]
[White "pminear"]
[WhiteElo "2473"]
[Black "XXNoWay"]
[BlackElo "2240"]
[TimeControl "60+0"]
[Result "0-1"]

1. e4 e6 2. Nc3 Nf6 3. e5 Nd5 4. Nxd5 exd5 5. Nf3 Nc6 6. d4 
d6 7. Bb5 Be7 8. Qe2 O-O 9. Bxc6 bxc6 10. exd6 Bxd6 11. P@h6 Re8 
12. N@e5 Bxe5 13. dxe5 P@e4 14. hxg7 exf3 15. gxf3 N@d4 16. B@f6 Qxf6 17. exf6 
Rxe2+ 18. Kd1 Q@e1+ 19. Rxe1 Rxe1+ 20. Kxe1 Nxf3+ 21. Ke2 N@d4+ 22. Kd3 B@c4+ 
23. Kc3 P@b4+ 24. Kxb4 a5+ 25. Kc5 B@b4# 
{pminear checkmated} 0-1

[Event "fics rated crazyhouse match"]
[Site "fics, Oklahoma City, OK USA"]
[Date "2000.02.17"]
[White "XXNoWay"]
[WhiteElo "2253"]
[Black "pminear"]
[BlackElo "2460"]
[TimeControl "60+0"]
[Result "1-0"]

1. e4 e5 2. Nc3 Nc6 3. Nf3 Bc5 4. Bc4 Nf6 5. d3 d6 6. O-O 
Bg4 7. Bg5 h6 8. Bxf6 Qxf6 9. Nd5 Qg6 10. h3 Bxf3 11. Qxf3 Nd4 
12. Nxc7+ Kd7 13. B@f5+ Kxc7 14. Bxg6 Nxf3+ 15. gxf3 N@e2+ 16. Kh2 B@c6 17. P@b5 
Bxf2 18. Q@g2 P@g3+ 19. Kh1 Nf4 20. bxc6 Nxg2 21. N@d5+ Kxc6 22. B@b5+ Kc5 
23. N@b3# 
{pminear checkmated} 1-0

[Event "fics rated crazyhouse match"]
[Site "fics, Oklahoma City, OK USA"]
[Date "2000.02.17"]
[White "pminear"]
[WhiteElo "2448"]
[Black "XXNoWay"]
[BlackElo "2265"]
[TimeControl "60+0"]
[Result "1-0"]

1. e4 e5 2. Nf3 d6 3. d4 exd4 4. Nxd4 Nf6 5. Nc3 Be7 6. Bg5 
h6 7. Bxf6 Bxf6 8. Nd5 Bxd4 9. Qxd4 B@e5 10. Qa4+ Bd7 11. Bb5 Bxb5 
12. Qxb5+ B@c6 13. Qb3 Bxd5 14. exd5 N@d4 15. Qd3 N@b4 16. B@a4+ P@b5 17. Bxb5+ 
c6 18. dxc6 Nxd3+ 19. Bxd3 Nbxc6 20. B@g4 P@e4 21. Bxe4 Nb4 22. P@d7+ Kf8 
23. B@b3 Qxd7 24. P@f5 P@c4 25. Bxc4 Nbxc2+ 26. Bxc2 Nxc2+ 27. Kd2 Nxa1 28. Rxa1 
P@c3+ 29. bxc3 Bxc3+ 30. Kxc3 B@e5+ 31. Kd2 Q@c3+ 32. Ke2 Qxc4+ 33. B@d3 R@c2+ 
34. N@d2 Qxd3+ 35. Kxd3 Qb5+ 36. P@c4 Rxc4 37. Nxc4 B@c2+ 38. Kxc2 Qxc4+ 39. B@c3 
Qxc3+ 40. Kd1 
{XXNoWay forfeits on time} 1-0

[Event "fics rated crazyhouse match"]
[Site "fics, Oklahoma City, OK USA"]
[Date "2000.02.17"]
[White "XXNoWay"]
[WhiteElo "2261"]
[Black "pminear"]
[BlackElo "2452"]
[TimeControl "60+0"]
[Result "1-0"]

1. e4 e5 2. Nc3 Nc6 3. Nf3 Bc5 4. Bc4 Nf6 5. O-O d6 6. h3 
Be6 7. Bxe6 fxe6 8. Ng5 B@c4 9. d3 h6 10. B@f7+ Ke7 11. Nxe6 Bxe6 
12. Bxe6 Kxe6 13. P@d5+ Ke7 14. dxc6 bxc6 15. N@f5+ Kf7 16. B@h4 g5 17. Bhxg5 
hxg5 18. Bxg5 B@h5 19. P@g4 Bg6 20. P@h5 Bxf5 21. exf5 N@g3 22. B@e6+ Kf8 
23. Bxf6 Nxf1 24. Bxd8 Bxf2+ 25. Kxf1 N@e3+ 26. Ke2 R@g7 27. N@g6+ Ke8 28. Bf6 
Nxd1 29. Q@f7+ Rxf7 30. Bxf7+ Kxf7 31. R@e7+ Kxf6 32. N@e4# 
{pminear checkmated} 1-0

[Event "fics rated crazyhouse match"]
[Site "fics, Oklahoma City, OK USA"]
[Date "2000.02.17"]
[White "pminear"]
[WhiteElo "2440"]
[Black "XXNoWay"]
[BlackElo "2273"]
[TimeControl "60+0"]
[Result "1-0"]

1. e4 e5 2. Nc3 Nc6 3. Nf3 Nf6 4. d4 exd4 5. Nxd4 Bb4 6. Bg5 
O-O 7. Nf5 d6 8. Nxg7 Bxc3+ 9. bxc3 Kxg7 10. Bxf6+ Qxf6 11. N@h5+ Kh8 
12. Nxf6 P@g7 13. P@h6 B@g5 14. hxg7+ Kxg7 15. Nh5# 
{XXNoWay resigns} 1-0

[Event "fics rated crazyhouse match"]
[Site "fics, Oklahoma City, OK USA"]
[Date "2000.02.17"]
[White "XXNoWay"]
[WhiteElo "2269"]
[Black "pminear"]
[BlackElo "2444"]
[TimeControl "60+0"]
[Result "0-1"]

1. e4 e5 2. Nc3 Nc6 3. Nf3 Bc5 4. Bc4 Nf6 5. O-O d6 6. h3 
h6 7. d3 Nd4 8. Nxd4 Bxd4 9. Nd5 Nxd5 10. Bxd5 N@g3 11. Qf3 N@e2+ 
12. Qxe2 Nxe2+ 13. Kh2 Bxf2 14. Bxf7+ Kxf7 15. Rxf2+ B@f4+ 16. P@g3 Q@g1# 
{XXNoWay checkmated} 0-1

[Event "fics rated crazyhouse match"]
[Site "fics, Oklahoma City, OK USA"]
[Date "2000.02.17"]
[White "pminear"]
[WhiteElo "2448"]
[Black "XXNoWay"]
[BlackElo "2265"]
[TimeControl "60+0"]
[Result "1-0"]

1. e4 e5 2. Nc3 Nf6 3. Nf3 d6 4. d4 exd4 5. Nxd4 Be7 6. Bc4 
Nc6 7. P@e6 fxe6 8. Nxe6 Bxe6 9. Bxe6 P@f7 10. Bxf7+ Kxf7 11. B@d5+ Kf8 
12. Bxc6 B@c4 13. P@d5 P@f7 14. Bxb7 N@h4 15. Rg1 Rb8 16. P@d3 Rxb7 17. dxc4 
B@b4 18. P@h6 Rg8 19. hxg7+ Rxg7 20. Bh6 Bxc3+ 21. bxc3 Nxe4 22. Bxg7+ Kxg7 
23. N@h5+ Kg8 24. P@g7 N@g6 25. B@d4 P@e5 26. B@d3 P@d2+ 27. Kf1 
{XXNoWay resigns} 1-0

[Event "fics rated crazyhouse match"]
[Site "fics, Oklahoma City, OK USA"]
[Date "2000.02.17"]
[White "XXNoWay"]
[WhiteElo "2261"]
[Black "pminear"]
[BlackElo "2452"]
[TimeControl "60+0"]
[Result "0-1"]

1. e4 e5 2. Nc3 Nc6 3. Nf3 Bc5 4. Bb5 Nf6 5. d3 Nd4 6. O-O 
Nxf3+ 7. Qxf3 N@d4 8. Qd1 Bb4 9. Bc4 d6 10. Bg5 h6 11. Bxf6 Qxf6 
12. N@h5 Qg5 13. N@f3 Qxh5 14. Nxd4 B@g4 15. Nf5 Bcxf5 16. exf5 Bxd1 17. Bxf7+ 
Qxf7 18. B@g6 N@h3+ 19. gxh3 N@f3+ 20. Kh1 B@g2+ 21. Kxg2 Nh4+ 22. Kg3 Q@f4# 
{XXNoWay checkmated} 0-1

[Event "fics rated crazyhouse match"]
[Site "fics, Oklahoma City, OK USA"]
[Date "2000.02.17"]
[White "pminear"]
[WhiteElo "2456"]
[Black "XXNoWay"]
[BlackElo "2257"]
[TimeControl "60+0"]
[Result "1-0"]

1. e4 d5 2. exd5 Qxd5 3. Nc3 Qd8 4. d4 Nf6 5. Nf3 Nc6 6. d5 
Nb4 7. Bc4 Bf5 8. O-O Bxc2 9. Qe2 P@e4 10. Ng5 g6 11. P@e6 Bg7 
12. exf7+ Kf8 13. Ne6+ Kxf7 14. Nxd8+ Rhxd8 15. P@e6+ Kg8 16. a3 Bd3 17. axb4 
Bxe2 18. Bxe2 P@f3 19. gxf3 N@h3+ 20. Kh1 Ng4 21. P@f7+ Kh8 22. fxg4 Bxc3 
23. Q@g8# 
{XXNoWay forfeits on time} 1-0

[Event "fics rated crazyhouse match"]
[Site "fics, Oklahoma City, OK USA"]
[Date "2000.02.17"]
[White "XXNoWay"]
[WhiteElo "2253"]
[Black "pminear"]
[BlackElo "2460"]
[TimeControl "60+0"]
[Result "0-1"]

1. e4 e5 2. Nc3 Nc6 3. Nf3 Bc5 4. Bc4 Nf6 5. d3 d6 6. h3 
Nd4 7. O-O Nxf3+ 8. Qxf3 N@d4 9. Qd1 h6 10. Be3 c6 11. Bxd4 Bxd4 
12. N@f5 Bxf5 13. exf5 N@g3 14. B@g6 fxg6 15. fxg6 Nxf1 16. P@f7+ Kd7 17. Qxf1 
B@g3 18. N@e4 Bdxf2+ 19. Nxf2 P@h2+ 20. Kh1 R@g1+ 21. Qxg1 hxg1=Q+ 22. Kxg1 Bxf2+ 
23. Kh1 N@g3+ 24. Kh2 B@g1+ 25. Rxg1 Bxg1+ 26. Kxg1 Q@e1+ 27. Kh2 R@h1# 
{XXNoWay checkmated} 0-1

[Event "fics rated crazyhouse match"]
[Site "fics, Oklahoma City, OK USA"]
[Date "2000.02.17"]
[White "pminear"]
[WhiteElo "2464"]
[Black "XXNoWay"]
[BlackElo "2249"]
[TimeControl "60+0"]
[Result "1-0"]

1. e4 e6 2. Nc3 d5 3. d4 Nf6 4. exd5 exd5 5. Bg5 Be7 6. Nf3 
Ne4 7. Bxe7 Qxe7 8. Nxe4 Qxe4+ 9. B@e3 B@a5+ 10. P@c3 P@c4 11. N@g5 Qe7 
12. Ne5 f6 13. Nxc4 fxg5 14. Nxa5 N@f5 15. B@e5 Nxe3 16. fxe3 N@e4 17. Qf3 
B@d2+ 18. Kd1 Rf8 19. P@f4 gxf4 20. Bxf4 Rxf4 21. exf4 B@g4 22. R@h8+ Kd7 
23. Qxg4# 
{XXNoWay resigns} 1-0

[Event "fics rated crazyhouse match"]
[Site "fics, Oklahoma City, OK USA"]
[Date "2000.02.17"]
[White "XXNoWay"]
[WhiteElo "2245"]
[Black "pminear"]
[BlackElo "2468"]
[TimeControl "60+0"]
[Result "1-0"]

1. e4 e5 2. Nc3 Nc6 3. Bc4 Bc5 4. Qh5 Qe7 5. d3 Nf6 6. Qxf7+ 
Qxf7 7. Bxf7+ Kxf7 8. Nh3 B@g4 9. Ng5+ Ke7 10. Q@f7+ Kd8 11. Qxg7 Bxf2+ 
12. Kxf2 Bh5 13. Qxf6+ P@e7 14. Qxh8+ Q@e8 15. N@f7+ Bxf7 16. Nxf7# 
{pminear checkmated} 1-0

[Event "fics rated crazyhouse match"]
[Site "fics, Oklahoma City, OK USA"]
[Date "2000.02.17"]
[White "pminear"]
[WhiteElo "2455"]
[Black "XXNoWay"]
[BlackElo "2258"]
[TimeControl "60+0"]
[Result "1-0"]

1. e4 e6 2. Nc3 d5 3. exd5 exd5 4. Nf3 Be7 5. Bb5+ Bd7 6. Bxd7+ 
Qxd7 7. d4 Nc6 8. B@b5 B@g4 9. Bxc6 bxc6 10. N@e5 Bxf3 11. Qxf3 P@e4 
12. Qxf7# 
{XXNoWay resigns} 1-0

[Event "fics rated crazyhouse match"]
[Site "fics, Oklahoma City, OK USA"]
[Date "2000.02.17"]
[White "XXNoWay"]
[WhiteElo "2254"]
[Black "pminear"]
[BlackElo "2459"]
[TimeControl "60+0"]
[Result "0-1"]

1. e4 e5 2. Nf3 Nc6 3. Bc4 Bc5 4. d3 Nf6 5. O-O d6 6. h3 
O-O 7. Bg5 h6 8. Bxf6 Qxf6 9. Nc3 Be6 10. Nd5 Bxd5 11. exd5 Nd4 
12. Nxd4 Bxd4 13. N@e4 Qh4 14. B@g3 Qd8 15. c3 Bb6 16. d4 B@h7 17. f3 
N@e3 18. Qe2 Nxc4 19. Qxc4 N@e3 20. Qd3 Nxf1 21. Rxf1 exd4 22. cxd4 Bxe4 
23. fxe4 Bxd4+ 24. Qxd4 N@e2+ 25. Kh2 Nxd4 26. B@h5 P@e2 27. Rxf7 Rxf7 28. Bxf7+ 
Kxf7 29. P@g6+ Kxg6 30. N@f4+ Kf7 31. P@g6+ Kf8 32. N@h7+ Ke8 33. B@f7+ Ke7 
34. N@f5+ Nxf5 35. exf5 N@f1+ 36. Kg1 Nxg3 37. R@e6+ Kd7 
{XXNoWay forfeits on time} 0-1

[Event "fics rated crazyhouse match"]
[Site "fics, Oklahoma City, OK USA"]
[Date "2000.02.17"]
[White "pminear"]
[WhiteElo "2463"]
[Black "XXNoWay"]
[BlackElo "2250"]
[TimeControl "60+0"]
[Result "1-0"]

1. e4 e6 2. Nc3 d6 3. d4 Be7 4. Nf3 Nf6 5. Bd3 O-O 6. e5 
Nd5 7. Nxd5 exd5 8. exd6 Bxd6 9. P@h6 gxh6 10. Bxh6 P@g7 11. Bxg7 Kxg7 
12. N@h5+ Kg8 13. P@g7 Re8+ 14. P@e5 Bb4+ 15. c3 Be7 16. O-O B@g6 17. Bxg6 
fxg6 18. Nf6+ Bxf6 19. exf6 Qxf6 20. B@e5 Qf7 21. Ng5 Qe7 22. B@f7+ Qxf7 
23. Nxf7 Kxf7 24. Q@f6+ Kg8 25. Bxc7 B@f7 26. Bxb8 B@h6 27. N@e7+ Rxe7 28. Qxe7 
Bxg7 29. P@f6 Bf8 30. R@d8 N@e8 31. Rxe8 Bxe8 32. Qxe8 
{XXNoWay resigns} 1-0

[Event "fics rated crazyhouse match"]
[Site "fics, Oklahoma City, OK USA"]
[Date "2000.02.17"]
[White "XXNoWay"]
[WhiteElo "2246"]
[Black "pminear"]
[BlackElo "2467"]
[TimeControl "60+0"]
[Result "0-1"]

1. e4 e5 2. Nc3 Nc6 3. Nf3 Bc5 4. Bb5 Nf6 5. O-O d6 6. Bxc6+ 
bxc6 7. Ng5 O-O 8. d3 B@h5 9. Qe1 h6 10. Nxf7 Bxf7 11. P@f5 N@d4 
12. Qd1 Nxf5 13. exf5 Bxf5 14. N@g3 Bh7 15. N@e4 Nxe4 16. Ncxe4 P@f4 17. Nxc5 
dxc5 18. Ne4 Bxe4 19. dxe4 Qxd1 20. Rxd1 N@h3+ 21. gxh3 N@f3+ 22. Kf1 P@g2+ 
23. Kxg2 Nh4+ 24. Kf1 Q@h1+ 25. B@g1 Qxe4 26. B@d3 P@g2# 
{XXNoWay checkmated} 0-1

[Event "fics rated crazyhouse match"]
[Site "fics, Oklahoma City, OK USA"]
[Date "2000.02.17"]
[White "pminear"]
[WhiteElo "2471"]
[Black "XXNoWay"]
[BlackElo "2242"]
[TimeControl "60+0"]
[Result "1-0"]

1. e4 e6 2. Nc3 Nf6 3. d4 d5 4. exd5 exd5 5. Nf3 Be7 6. Bb5+ 
c6 7. Be2 Bg4 8. Ne5 Bxe2 9. Qxe2 B@a6 10. B@d3 Bxd3 11. cxd3 P@d6 
12. Nxf7 Kxf7 13. B@e6+ Kf8 14. P@h6 gxh6 15. Bxh6+ P@g7 16. Bg5 B@h5 17. f3 
Bg6 18. P@f5 Be8 19. P@h6 gxh6 20. Bxh6+ P@g7 21. Bxg7+ Kxg7 22. P@g5 N@f4 
23. gxf6+ Bxf6 24. Qf1 B@g5 25. P@e3 Nh5 26. g4 Bh4+ 27. Kd2 Rf8 28. gxh5 
Bxh5 29. N@f4 Be8 30. N@h5+ Kh8 31. Nxf6 Bxf6 32. Rg1 P@g7 33. B@h5 P@e5 
34. Bxe8 Qxe8 35. B@g6 hxg6 36. Nxg6+ Qxg6 37. fxg6 
{XXNoWay resigns} 1-0

[Event "fics rated crazyhouse match"]
[Site "fics, Oklahoma City, OK USA"]
[Date "2000.02.17"]
[White "XXNoWay"]
[WhiteElo "2239"]
[Black "pminear"]
[BlackElo "2474"]
[TimeControl "60+0"]
[Result "0-1"]

1. e4 e5 2. d4 exd4 3. Nf3 Nc6 4. Bc4 Nf6 5. Ng5 Ne5 6. Bxf7+ 
Nxf7 7. Nxf7 Kxf7 8. N@g5+ Ke7 9. Qxd4 B@e6 10. e5 Nd5 11. Nxe6 dxe6 
12. B@h4+ P@f6 13. exf6+ gxf6 14. P@e5 P@g7 15. exf6+ gxf6 16. P@e5 N@f5 17. exf6+ 
Kd7 18. P@e7 Bxe7 19. fxe7 Nxe7 20. Bxe7 Qxe7 21. Qxh8 B@d6 22. P@e5 Bxe5 
23. Qxe5 P@d6 24. Qd4 c6 25. B@g5 Qxg5 26. Bxg5 P@e7 27. N@f8+ Kc7 28. Bxe7 
B@a5+ 29. c3 Nxe7 30. Qxd6+ Kxd6 31. B@e5+ Kxe5 32. Q@d4+ Kf5 33. R@f6+ Kg5 
34. h4+ Kh5 
{XXNoWay forfeits on time} 0-1